 Dungeon Crawl Stone Soup version 0.24-a0-307-gf989941 (webtiles) character file.

Game seed: 6792337695643500754

237552 galech the Severer (level 19, -3/154 HPs)
             Began as a Demonspawn Fighter on May 13, 2019.
             Was the Champion of Okawaru.
             Slain by an iron troll (14 damage)
             ... on level 2 of the Depths.
             The game lasted 01:11:01 (31585 turns).

galech the Severer (Demonspawn Fighter)            Turns: 31585, Time: 01:11:01

Health: -3/154     AC: 30    Str: 16    XL:     19   Next: 30%
Magic:  0/18       EV: 21    Int: 14    God:    Okawaru [******]
Gold:   3523       SH: 30    Dex: 21    Spells: 18/18 levels left

rFire    + . .     SeeInvis +   N - +6 broad axe (flame)
rCold    + + .     Gourm    .   y - +2 large shield {AC+3}
rNeg     + . .     Faith    .   c - +4 scale mail of Duty {+Fly rElec Regen+ Str-2}
rPois    +         Spirit   +   (helmet unavailable)
rElec    +         Reflect  +   S - +2 cloak {rC+}
rCorr    .         Harm     .   I - +2 pair of gloves {Dex+3}
MR       +....                  V - +1 pair of boots {run}
Stlth    +++.......             Y - +6 amulet of reflection
HPRegen  2.75/turn              K - +6 ring of strength
MPRegen  0.32/turn              H - ring "Pivueq" {rPois rC+ rN+ Str-5}

@: heroism, marked, engulfed (cannot breathe), studying Unarmed Combat, quick
A: antennae 3, molten scales 2, blurry vision 1, clever 1, fire resistance 1,
low mp 2, powered by death 3, magic shield, magic regeneration
a: Heroism, Finesse, Renounce Religion, Evoke Flight


You were on level 2 of the Depths.
You worshipped Okawaru.
Okawaru was exalted by your worship.
You were not hungry.

You visited 6 branches of the dungeon, and saw 29 of its levels.
You visited the Abyss 2 times.
You also visited: Gauntlet, Ice Cave and Volcano.

You collected 3739 gold pieces.
You spent 216 gold pieces at shops.

Inventory:

Hand Weapons
 N - a +6 broad axe of flaming (weapon)
Armour
 a - a +2 robe of cold resistance
 c - the +4 scale mail of Duty (worn) {+Fly rElec Regen+ Str-2}
   (You found it on level 9 of the Dungeon)

   It affects your strength (-2).
   It insulates you from electricity.
   It lets you fly.
   It increases your rate of regeneration.
 t - a +0 pair of boots of flying
 y - a +2 large shield of protection (worn)
 I - a +2 pair of gloves of dexterity (worn)
 L - the +1 ring mail "Ruothypn" {Regen+ rCorr Dex+2 Slay+3}
   (You found it on level 1 of the Elven Halls)

   It affects your dexterity (+2).
   It affects your accuracy and damage with ranged weapons and melee attacks
   (+3).
   It increases your rate of regeneration.
   It provides partial protection from all sources of acid and corrosion.
 P - the +2 scale mail of Izoreg {*Corrode rPois Dex+3}
   (You found it in a Gauntlet)

   It affects your dexterity (+3).
   It protects you from poison.
   It may corrode you when you take damage.
 Q - a scarf of cloud immunity
 S - a +2 cloak of cold resistance (worn)
 U - a +2 shield of reflection
 V - a +1 pair of boots of running (worn)
 W - the +6 fire dragon scales of Romisuv {rElec rF++ rC- rCorr Str-5 Dex-2 Stlth+}
   (You took it off a minotaur in a Gauntlet)

   It affects your strength (-5).
   It affects your dexterity (-2).
   It greatly protects you from fire.
   It makes you vulnerable to cold.
   It insulates you from electricity.
   It provides partial protection from all sources of acid and corrosion.
   It makes you more stealthy.
Jewellery
 p - an uncursed ring of resist corrosion
 q - a +4 ring of strength
 z - an uncursed ring of positive energy
 C - the amulet of Pemupn Zoja {+Rage rElec Str-3 Int+5}
   (You found it in a Gauntlet)

   [amulet of rage]

   It affects your strength (-3).
   It affects your intelligence (+5).
   It insulates you from electricity.
   It lets you go berserk.
 E - an uncursed ring of stealth
 F - a cursed -5 ring of evasion {unknown}
 H - the ring "Pivueq" (right hand) {rPois rC+ rN+ Str-5}
   (You found it on level 14 of the Dungeon)

   [ring of poison resistance]

   It affects your strength (-5).
   It protects you from cold.
   It protects you from poison.
   It protects you from negative energy.
 K - a +6 ring of strength (left hand)
 X - an uncursed ring of protection from cold
 Y - a +6 amulet of reflection (around neck)
Wands
 r - a wand of digging (4)
Scrolls
 d - 4 scrolls of fog
 i - a scroll of silence
 l - 14 scrolls of teleportation
 n - 10 scrolls of fear
 s - 4 scrolls of blinking
 w - 2 scrolls of identify
 A - 11 scrolls of remove curse
 D - 5 scrolls of enchant armour
 R - a scroll of magic mapping
Potions
 e - 5 potions of agility
 f - 6 potions of brilliance
 g - 2 potions of ambrosia
 h - 3 potions of might
 j - 9 potions of lignification
 k - 6 potions of curing
 m - 2 potions of invisibility
 o - 6 potions of mutation
 u - 6 potions of resistance
 x - 4 potions of berserk rage
 B - 2 potions of cancellation
 M - 3 potions of haste
Books
 G - a manual of Unarmed Combat
Comestibles
 b - 7 chunks of flesh
 v - 46 rations


   Skills:
 + Level 14.9(19.9) Fighting
 + Level 19.0(24.0) Axes
 + Level 10.7(15.7) Armour
 + Level 10.4(15.4) Dodging
 + Level 2.7(7.7) Stealth
 + Level 15.6(20.6) Shields
 + Level 5.2 Invocations


You had 18 spell levels left.
You didn't know any spells.
Your spell library contained the following spells:

 Spells                   Type           Power        Failure   Level  Hunger
 Animate Skeleton         Necr           N/A          77%         1    ##.....
 Apportation              Tloc           #.....       77%         1    ##.....
 Beastly Appendage        Tmut           #.....       77%         1    ##.....
 Confusing Touch          Hex            #.....       77%         1    ##.....
 Corona                   Hex            #......      77%         1    ##.....
 Flame Tongue             Conj/Fire      #....        77%         1    ##.....
 Infusion                 Chrm           #...         77%         1    ##.....
 Sandblast                Erth           #.....       77%         1    ##.....
 Shock                    Conj/Air       #...         77%         1    ##.....
 Sting                    Conj/Pois      #...         77%         1    ##.....
 Summon Small Mammal      Summ           #...         77%         1    ##.....
 Corpse Rot               Necr           N/A          88%         2    ###....
 Ensorcelled Hibernation  Hex/Ice        #.....       88%         2    ###....
 Passwall                 Tmut/Erth      #.......     88%         2    ###....
 Poisonous Vapours        Pois/Air       #.....       88%         2    ###....
 Shroud of Golubria       Chrm/Tloc      #.........   88%         2    ###....
 Song of Slaying          Chrm           #.......     88%         2    ###....
 Sticks to Snakes         Tmut           #.......     88%         2    ###....
 Swiftness                Chrm/Air       #.......     88%         2    ###....
 Confuse                  Hex            #.......     98%         3    ####...
 Conjure Flame            Conj/Fire      #.......     98%         3    ####...
 Dazzling Spray           Conj/Hex       #.....       98%         3    ####...
 Ignite Poison            Fire/Tmut/Pois #.......     98%         3    ####...
 Mephitic Cloud           Conj/Pois/Air  #.......     98%         3    ####...
 Recall                   Summ/Tloc      N/A          98%         3    ####...
 Regeneration             Chrm/Necr      #.........   98%         3    ####...
 Spectral Weapon          Hex/Chrm       #.......     98%         3    ####...
 Spider Form              Tmut/Pois      #.........   98%         3    ####...
 Static Discharge         Conj/Air       #.......     98%         3    ####...
 Stone Arrow              Conj/Erth      #.....       98%         3    ####...
 Tukima's Dance           Hex            #.......     98%         3    ####...
 Airstrike                Air            #.........   100%        4    #####..
 Animate Dead             Necr           N/A          100%        4    #####..
 Cause Fear               Hex            #.........   100%        4    #####..
 Ice Form                 Ice/Tmut       #.......     100%        4    #####..
 Olgreb's Toxic Radiance  Pois           #.......     100%        4    #####..
 Petrify                  Tmut/Erth      #.......     100%        4    #####..
 Blade Hands              Tmut           #.........   100%        5    ######.
 Bolt of Draining         Conj/Necr      #.........   100%        5    ######.
 Borgnjor's Vile Clutch   Necr/Erth      #.........   100%        5    ######.
 Excruciating Wounds      Chrm/Necr      #.........   100%        5    ######.
 Fireball                 Conj/Fire      #.........   100%        5    ######.
 Irradiate                Conj/Tmut      #.........   100%        5    ######.
 Lee's Rapid Deconstruct  Erth           #.........   100%        5    ######.
 Lightning Bolt           Conj/Air       #.........   100%        5    ######.
 Summon Forest            Summ/Tloc      #.........   100%        5    ######.
 Venom Bolt               Conj/Pois      #.........   100%        5    ######.
 Bolt of Fire             Conj/Fire      #.........   100%        6    #######
 Death Channel            Necr           #.........   100%        6    #######
 Freezing Cloud           Conj/Ice/Air   #.........   100%        6    #######
 Hydra Form               Tmut           #.........   100%        6    #######
 Simulacrum               Ice/Necr       #.........   100%        6    #######
 Statue Form              Tmut/Erth      #........    100%        6    #######
 Dragon Form              Tmut           #.........   100%        7    #######
 Malign Gateway           Summ/Tloc      #.........   100%        7    #######
 Ring of Flames           Chrm/Fire      #.........   100%        7    #######
 Discord                  Hex            #.........   100%        8    #######
 Disjunction              Tloc           #.........   100%        8    #######
 Ignition                 Fire           #.........   100%        8    #######
 Dragon's Call            Summ           #.........   100%        9    #######


Dungeon Overview and Level Annotations

Branches:
Dungeon (15/15)            Temple (1/1) D:5            Lair (6/6) D:9
 Shoals (0/4) Lair:2       Spider (0/4) Lair:4        Slime (0/5) Lair:5
    Orc (2/2) D:11            Elf (3/3) Orc:2        Vaults (0/5) D:13
 Depths (2/5) D:15

Altars:
Cheibriados
Dithmenos
Fedhas
Gozag
Hepliaklqana
Kikubaaqudgha
Makhleb
Nemelex Xobeh
Okawaru
Qazlal
Ru
Sif Muna
Trog
Uskayaw
Vehumet
Wu Jian
Xom
Zin
The Shining One

Shops:
D:4 ?   D:12 =   D:13 %*   Orc:2 %=([([([*   Elf:1 *   Elf:2 :   Elf:3 :=}=

Portals:
Hell: Depths:1
Pandemonium: Depths:1
Trove: Elf:2 (give 7 potions of haste)

Annotations:
Elf:2 2 runed translucent doors


Innate Abilities, Weirdness & Mutations

You have a pair of large antennae on your head. (SInv)
You are mostly covered in molten scales. (AC +3)
Your flesh is heat resistant. (rF+)
You regenerate a lot of health from kills.
When hurt, damage is shared between your health and your magic reserves.
You regenerate magic rapidly.
Scrolls take you a little longer to read.
Your mind is acute. (Int +2)
Your magical capacity is very low. (-20% MP)


Message History

Your lungs strain for air!
You block the deep troll shaman's attack.
The deep troll shaman completely misses you.
The deep troll shaman claws you!
* * * LOW HITPOINT WARNING * * *
You block the iron troll's attack. The iron troll claws you.
* * * LOW HITPOINT WARNING * * *
The iron troll claws you but does no damage.
You block the water elemental's attack.
The deep troll bites you but does no damage.
The deep troll misses you. The deep troll barely misses you.
The deep troll shaman completely misses you.
The deep troll shaman claws you.
* * * LOW HITPOINT WARNING * * *
You block the deep troll shaman's attack.
You feel better.
* * * LOW HITPOINT WARNING * * *
Your lungs strain for air!
You block the deep troll's attack. x3; The iron troll bites you!
You die...

.............#
############.##
....... #..#
....... ##.##
....... #...#
.>.....
##.#.##......#
#..#..#......#
##.###.TE..#..#
#..##..@TE....# #
##.###.#TE...... #
#..##..#........
##
##.###.##..<...#.
.#
#..##..##....D.#
.##
##.###.####......#
..# #..##..#
...#..# #.##
##.###.## .......
#..# #..##..#


You could see a fire dragon, an iron troll, a deep troll, a deep troll shaman
and 3 water elementals.

Vanquished Creatures
  An ancient lich (Depths:1)
  A lich (Depths:2)
  2 deep elf blademasters (Elf:3)
  Gastronok (Orc:1)
  A tengu reaver (Depths:1)
  3 shadow dragons (Depths:1)
  A fire giant (Depths:1)
  A deep elf sorcerer (Elf:3)
  4 deep elf elementalists (Elf:3)
  4 stone giants (Depths:1)
  The ghost of Laiders72 the Basher, a journeyman DDFi of Makhleb (D:14)
  3 very ugly things (Depths:1)
  5 deep elf demonologists
  3 deep elf annihilators (Elf:3)
  5 vampire knights (Depths:1)
  A lorocyproca (Abyss:5)
  A white draconian (IceCv)
  A minotaur (Gauntlet)
  A dire elephant (D:15)
  6 deep elf death magi
  The ghost of Borgoz the Slicer, a journeyman KoGl of Ashenzari (Orc:2)
  An ettin (Depths:1)
  2 deep elf high priests (Elf:3)
  2 blizzard demons
  2 fire dragons
  2 ogre magi (Depths:1)
  A green death (Gauntlet)
  2 great orbs of eyes
  Josephine (D:11)
  A rakshasa (Depths:2)
  7 hydras
  A vault guard (D:13)
  Fannar (Lair:3)
  2 ice dragons (Depths:1)
  3 centaur warriors
  8 two-headed ogres
  3 deep troll shamans
  2 tengu warriors
  9 death yaks
  32 dancing weapons
  3 hell hogs (Abyss:5)
  A deep troll earth mage (Depths:1)
  5 orc high priests
  3 vampire magi (Depths:1)
  8 thrashing horrors (Abyss:5)
  Nergalle (Lair:1)
  3 soul eaters (Depths:1)
  21 deep elf knights
  2 wretched stars (Abyss:5)
  An iron troll (Depths:1)
  A sixfirhy (Depths:1)
  8 deep trolls (Depths:1)
  A torturous demonspawn (Depths:1)
  3 skeletal warriors (Depths:1)
  2 flayed ghosts (Depths:1)
  An orange crystal statue (Depths:1)
  A glowing orange brain (Depths:1)
  A wizard (D:13)
  Pikel (D:6)
  A wolf spider zombie (D:14)
  A mana viper (shapeshifter) (Abyss:5)
  10 deep elf archers
  3 orc knights
  4 necromancers
  4 orc sorcerers
  A salamander (D:15)
  53 deep elf magi
  A cyclops (D:11)
  10 ugly things
  3 elephants (Lair:5)
  An elephant (shapeshifter) (Abyss:5)
  2 manticores
  3 centaur zombies
  A black mamba (shapeshifter) (Elf:2)
  Maurice (Orc:1)
  6 black mambas
  An ice statue (IceCv)
  3 gargoyles
  2 smoke demons
  22 spiny frogs
  3 rime drakes
  An efreet (Abyss:5)
  11 yaktaurs
  A kobold demonologist (D:11)
  A redback zombie (D:15)
  2 ice devils (Depths:1)
  A hellwing (Depths:1)
  3 tengu conjurers
  2 komodo dragons
  An ancient zyme (Abyss:5)
  4 tyrant leeches (Lair:6)
  A hornet (shapeshifter) (Depths:1)
  A jumping spider (shapeshifter) (Elf:1)
  A red devil (Volcano)
  A queen bee (Lair:2)
  A troll (shapeshifter) (Elf:1)
  16 polar bears (IceCv)
  5 trolls
  24 blink frogs
  6 slime creatures
  A meliai zombie (D:14)
  A centaur simulacrum (D:13)
  A deep troll skeleton (Depths:1)
  10 hippogriffs
  An ettin skeleton (Depths:1)
  A vampire (D:15)
  2 shadows
  16 starcursed masses (Abyss:5)
  A water elemental (Elf:1)
  A tarantella (shapeshifter) (D:15)
  An air elemental (Elf:1)
  2 redbacks (Lair:4)
  5 wraiths (D:11)
  3 wyverns
  A hog (shapeshifter) (Depths:1)
  2 yaks (shapeshifter)
  4 basilisks
  40 yaks
  A steam dragon (D:8)
  A fire elemental (Elf:1)
  19 humans (D:13)
  10 vampire mosquitoes
  5 hungry ghosts
  2 chaos spawn (Abyss:5)
  5 neqoxecs (D:14)
  Menkaure (D:6)
  2 wargs
  2 soldier ants
  5 large abominations
  17 water moccasins
  A hell hound (Volcano)
  4 porcupines
  An eye of draining (D:12)
  28 orc warriors
  An ice beast (D:12)
  A sky beast (D:5)
  18 ogres
  2 phantoms
  2 black bears
  16 centaurs
  A necrophage (D:10)
  19 wolves
  11 crocodiles
  2 big kobolds
  2 elf zombies
  17 bullfrogs
  2 earth elementals
  2 scorpions
  A water moccasin skeleton (D:10)
  32 killer bees
  2 troll zombies (D:11)
  3 electric eels
  9 wights
  3 howler monkeys
  7 crimson imps
  5 quasits
  Crazy Yiuf (D:6)
  8 centaur skeletons
  14 jellies
  34 orc wizards
  5 bullfrog zombies
  32 orc priests
  7 hounds
  4 iron imps (Depths:1)
  2 bullfrog skeletons (D:9)
  Jessica (D:2)
  Ijyb (D:4)
  3 iguanas
  Natasha (thrice) (D:2)
  10 worker ants
  A killer bee zombie (D:9)
  6 ogre zombies (D:11)
  A hound zombie (D:11)
  2 hound skeletons
  A worker ant zombie (D:6)
  Robin (D:2)
  A howler monkey skeleton (D:6)
  8 adders
  A river rat (Lair:2)
  6 shadow imps
  A white imp (Gauntlet)
  2 oozes (Lair:5)
  An adder skeleton (D:4)
  4 worms
  6 dart slugs
  5 leopard geckos
  78 orcs
  A ball python (D:7)
  5 giant cockroaches
  27 goblins
  13 hobgoblins
  9 jackals
  5 quokkas
  8 bats
  8 frilled lizards
  A giant cockroach zombie (D:6)
  3 goblin zombies (D:11)
  2 hobgoblin zombies (D:11)
  16 kobolds
  A leopard gecko zombie (D:4)
  5 orc skeletons (D:11)
  15 orc zombies (D:11)
  2 quokka zombies (D:9)
  7 rats
  2 crawling corpses (Depths:1)
  6 fungi
  4 plants
1160 creatures vanquished.

Vanquished Creatures (others)
  2 deep elf master archers (Elf:3)
  A deep elf annihilator (Elf:3)
  A hell hog (Abyss:5)
  A vampire mage (Depths:1)
  A thrashing horror (Abyss:5)
  A deep elf knight (Elf:2)
  A necromancer (D:13)
  5 deep elf archers
  2 deep elf magi (Elf:2)
  A cyclops (D:15)
  2 yaktaurs
  A slave (D:7)
  2 centaurs (D:15)
  A howler monkey (D:7)
  A crimson imp (D:7)
  An orc wizard (Orc:2)
  6 orcs (D:7)
  8 fungi (Lair:6)
  2 lurking horrors (Abyss:5)
  16 plants
56 creatures vanquished.

Grand Total: 1216 creatures vanquished

Notes
Turn   | Place    | Note
-------+----------+-------------------------------------------
     0 | D:1      | galech the Demonspawn Fighter began the quest for the Orb.
     0 | D:1      | Reached XP level 1. HP: 18/18 MP: 1/1
    79 | D:1      | Gained mutation: You regenerate a little health from kills.
                  | [demonic ancestry]
    79 | D:1      | Reached XP level 2. HP: 19/24 MP: 2/2
   300 | D:1      | Reached skill level 2 in Axes
   446 | D:1      | Reached XP level 3. HP: 25/29 MP: 3/3
  1049 | D:2      | Noticed Jessica
  1055 | D:2      | Killed Jessica
  1055 | D:2      | Reached XP level 4. HP: 21/35 MP: 4/4
  1426 | D:2      | Noticed Robin
  1430 | D:2      | Reached skill level 3 in Axes
  1436 | D:2      | Killed Robin
  1611 | D:2      | Noticed Natasha
  1623 | D:2      | Killed Natasha
  1623 | D:2      | Gained mutation: You have a pair of small antennae on your
                  | head. [demonic ancestry]
  1623 | D:2      | Reached XP level 5. HP: 25/42 MP: 5/5
  1731 | D:2      | Noticed Natasha
  1751 | D:2      | Killed Natasha
  1941 | D:2      | Found a glowing silver altar of Zin.
  2164 | D:2      | Noticed Natasha
  2173 | D:2      | Killed Natasha
  2633 | D:3      | Reached skill level 4 in Axes
  2759 | D:3      | Found a shimmering altar of Xom.
  2945 | D:3      | Gained mutation: You are partially covered in molten
                  | scales. (AC +2) [demonic ancestry]
  2945 | D:3      | Reached XP level 6. HP: 19/48 MP: 6/6
  3278 | D:4      | Found a blossoming altar of Fedhas.
  3470 | D:4      | Found Fochurr's Magic Scroll Emporium.
  3476 | D:4      | Bought a scroll of identify for 20 gold pieces
  3476 | D:4      | Bought a scroll of teleportation for 30 gold pieces
  3476 | D:4      | Bought a scroll of identify for 20 gold pieces
  3476 | D:4      | Bought a scroll of identify for 20 gold pieces
  3476 | D:4      | Bought a scroll of teleportation for 30 gold pieces
  3703 | D:4      | Noticed Ijyb
  3710 | D:4      | Killed Ijyb
  3710 | D:4      | Reached skill level 1 in Dodging
  3993 | D:5      | Entered Level 5 of the Dungeon
  4084 | D:5      | Found a staircase to the Ecumenical Temple.
  4108 | Temple   | Entered the Ecumenical Temple
  4130 | Temple   | Became a worshipper of Warmaster Okawaru
  4168 | D:5      | Noticed a sky beast
  4189 | D:5      | Killed a sky beast
  4189 | D:5      | Reached skill level 5 in Axes
  4189 | D:5      | Gained mutation: When hurt, damage is shared between your
                  | health and your magic reserves. [demonic ancestry]
  4189 | D:5      | Reached XP level 7. HP: 48/54 MP: 7/7
  4884 | D:6      | Reached * piety under Okawaru
  5184 | D:6      | Noticed Menkaure
  5193 | D:6      | Killed Menkaure
  5193 | D:6      | Reached skill level 6 in Axes
  5193 | D:6      | Gained mutation: You regenerate health from kills. [demonic
                  | ancestry]
  5193 | D:6      | Reached XP level 8. HP: 29/61 MP: 4/8
  5278 | D:6      | Reached skill level 5 in Fighting
  5816 | D:6      | Reached ** piety under Okawaru
  6011 | D:6      | Found a hazy altar of Hepliaklqana.
  6042 | D:6      | Found a runed translucent door.
  6043 | D:6      | Noticed Crazy Yiuf
  6280 | D:6      | Killed Crazy Yiuf
  6280 | D:6      | Reached skill level 7 in Axes
  6331 | D:7      | Noticed Pikel
  6355 | D:6      | Killed Pikel
  6355 | D:6      | Reached *** piety under Okawaru
  6355 | D:6      | Reached skill level 5 in Shields
  6355 | D:6      | Reached XP level 9. HP: 55/68 MP: 9/9
  6460 | D:7      | Found a burning altar of Makhleb.
  6630 | D:7      | Reached skill level 8 in Axes
  6902 | D:8      | Noticed a two-headed ogre
  6914 | D:8      | Killed a two-headed ogre
  6914 | D:8      | Reached skill level 5 in Armour
  6972 | D:8      | Reached **** piety under Okawaru
  7549 | D:8      | Reached skill level 9 in Axes
  7839 | D:9      | Reached XP level 10. HP: 74/77 MP: 10/10
  8000 | D:9      | Found a radiant altar of Vehumet.
  8021 | D:9      | Found a staircase to the Lair.
  8027 | D:9      | Got a dazzling scale mail
  8038 | D:9      | Identified the +4 scale mail of Duty {+Fly rElec Regen+
                  | Str-2} (You found it on level 9 of the Dungeon)
  8049 | D:9      | Found a hide-covered altar of Uskayaw.
  8584 | D:9      | Found a bloodstained altar of Trog.
  8584 | D:9      | Found an ancient bone altar of Kikubaaqudgha.
  8766 | D:10     | Entered Level 10 of the Dungeon
  8917 | D:10     | Reached ***** piety under Okawaru
  8937 | D:10     | Noticed a gargoyle
  8960 | D:10     | Killed a gargoyle
  9206 | D:10     | Reached skill level 1 in Invocations
  9535 | D:11     | Reached skill level 5 in Dodging
  9537 | D:11     | Reached skill level 10 in Axes
  9716 | D:11     | Found a staircase to the Orcish Mines.
  9763 | D:11     | Reached skill level 1 in Stealth
  9813 | D:11     | Got a wavering zirconium amulet
  9821 | D:11     | Identified the amulet of Kikubaaqudgha's Favour {Harm
                  | *Drain +Inv rPois MR+} (You found it on level 11 of the
                  | Dungeon)
 10107 | D:11     | Noticed a gargoyle
 10134 | D:11     | Killed a gargoyle
 10134 | D:11     | Reached XP level 11. HP: 23/84 MP: 1/11
 10566 | Orc:1    | Entered Level 1 of the Orcish Mines
 10762 | Orc:1    | Noticed Josephine
 10762 | Orc:1    | Noticed an orc high priest
 10897 | D:11     | Killed Josephine
 10962 | D:11     | Reached skill level 11 in Axes
 11089 | Orc:1    | Noticed a soul eater
 11157 | Orc:1    | Noticed an orc knight
 11157 | Orc:1    | Noticed Gastronok
 11165 | D:11     | Reached ****** piety under Okawaru
 11231 | D:11     | Killed an orc knight
 11325 | D:11     | Gained mutation: You are frail. (-10% HP) [a neqoxec]
 11328 | D:11     | Gained mutation: You do not regenerate when monsters are
                  | visible. [a neqoxec]
 11329 | D:11     | Killed an orc high priest
 11350 | D:11     | Lost mutation: You are frail. (-10% HP) [potion of
                  | mutation]
 11350 | D:11     | Lost mutation: You do not regenerate when monsters are
                  | visible. [potion of mutation]
 11350 | D:11     | Gained mutation: Your magical capacity is low. (-10% MP)
                  | [potion of mutation]
 11350 | D:11     | Gained mutation: Your mind is acute. (Int +2) [potion of
                  | mutation]
 11352 | D:11     | Identified a scroll of acquirement
 11547 | Orc:1    | Killed Gastronok
 11547 | Orc:1    | Received a gift from Okawaru
 11792 | Orc:2    | Entered Level 2 of the Orcish Mines
 11792 | Orc:2    | Found a transporter.
 11793 | Orc:2    | Found Fant's Weapon Emporium.
 11859 | Orc:2    | Noticed a two-headed ogre
 11859 | Orc:2    | Noticed a two-headed ogre
 11861 | Orc:2    | Noticed Borgoz's ghost (journeyman KoGl)
 11865 | Orc:2    | Found a transporter.
 11867 | Orc:2    | Noticed a two-headed ogre
 11949 | Orc:2    | Found Ewum's Armour Shop.
 11950 | Orc:2    | Noticed an orc knight
 12051 | Orc:2    | Killed an orc knight
 12202 | Orc:2    | Found Reremik's General Store.
 12239 | Orc:2    | Found a staircase to the Elven Halls.
 12307 | Orc:2    | Noticed an orc high priest
 12327 | Orc:2    | Killed an orc high priest
 12327 | Orc:2    | Reached XP level 12. HP: 64/93 MP: 4/12
 12358 | Orc:2    | Noticed an orc high priest
 12403 | Orc:2    | Killed an orc high priest
 12403 | Orc:2    | Reached skill level 12 in Axes
 12513 | Orc:2    | Paralysed by an orc sorcerer for 4 turns
 12745 | Orc:2    | Found Ucroxtal's Antique Armour Shop.
 12745 | Orc:2    | Found Ilocomun's Armour Boutique.
 12745 | Orc:2    | Found Yrimet's Weapon Boutique.
 12748 | Orc:2    | Found Tasch's Antique Weapon Shop.
 12762 | Orc:2    | Noticed an orc high priest
 12942 | Orc:2    | Killed an orc high priest
 13135 | Orc:2    | Noticed an orc high priest
 13141 | Orc:2    | Received a gift from Okawaru
 13153 | Orc:2    | Killed an orc high priest
 13224 | Orc:2    | Found Vaer's Jewellery Boutique.
 13231 | Orc:2    | Found Wyihuxoj's Food Shop.
 13444 | Orc:2    | Killed a two-headed ogre
 13446 | Orc:2    | Killed a two-headed ogre
 13452 | Orc:2    | Killed a two-headed ogre
 13476 | Orc:2    | Killed Borgoz's ghost
 13552 | Orc:1    | Received a gift from Okawaru
 13559 | Orc:1    | Noticed Maurice
 13579 | Orc:1    | Killed Maurice
 13610 | Orc:1    | Identified a +1 pair of boots of running (Okawaru gifted it
                  | to you on level 1 of the Orcish Mines)
 13827 | Lair:1   | Entered Level 1 of the Lair of Beasts
 13832 | Lair:1   | Noticed Nergalle
 13854 | Lair:1   | Killed Nergalle
 13854 | Lair:1   | Reached skill level 13 in Axes
 14349 | Lair:1   | Noticed a five-headed hydra
 14360 | Lair:1   | Killed a one-headed hydra
 14591 | Lair:2   | Noticed a four-headed hydra
 14603 | Lair:2   | Killed a one-headed hydra
 14603 | Lair:2   | Gained mutation: You have a pair of antennae on your head.
                  | [demonic ancestry]
 14603 | Lair:2   | Reached XP level 13. HP: 101/101 MP: 11/13
 14633 | Lair:2   | Found a staircase to the Shoals.
 14972 | Lair:2   | Identified Qibre's Lost Secrets of Magic
 15082 | Lair:2   | Received a gift from Okawaru
 15633 | Lair:3   | Found a dark tunnel.
 15640 | Volcano  | Entered a volcano
 15906 | Lair:3   | Found a gate leading to a gauntlet.
 15915 | Gauntlet | Entered a Gauntlet
 15915 | Gauntlet | Found a transporter.
 15915 | Gauntlet | Noticed a green death
 15938 | Gauntlet | Reached skill level 10 in Fighting
 15938 | Gauntlet | Reached skill level 14 in Axes
 15938 | Gauntlet | Reached skill level 10 in Shields
 15938 | Gauntlet | Gained mutation: You are mostly covered in molten scales.
                  | (AC +3) [demonic ancestry]
 15938 | Gauntlet | Reached XP level 14. HP: 110/110 MP: 14/14
 15941 | Gauntlet | Found a transporter.
 15957 | Gauntlet | Found a transporter.
 15961 | Gauntlet | Found a transporter.
 15981 | Gauntlet | Found a transporter.
 15994 | Gauntlet | Found a transporter.
 15997 | Gauntlet | Found a transporter.
 16024 | Gauntlet | Found a transporter.
 16031 | Gauntlet | Found a transporter.
 16032 | Gauntlet | Found a transporter.
 16032 | Gauntlet | Found a transporter.
 16037 | Gauntlet | Noticed a cacodemon
 16040 | Gauntlet | Found a transporter.
 16233 | Gauntlet | Got a faintly glowing ruby amulet
 16235 | Gauntlet | Identified the amulet of Pemupn Zoja {+Rage rElec Str-3
                  | Int+5} (You found it in a Gauntlet)
 16367 | Gauntlet | Identified the cursed +0 shortbow of Nutilos {velocity, rF+
                  | rN+}
 16367 | Gauntlet | Identified the +6 fire dragon scales of Romisuv {rElec rF++
                  | rC- rCorr Str-5 Dex-2 Stlth+}
 16408 | Gauntlet | Got a fine scale mail
 16435 | Gauntlet | Identified the +2 scale mail of Izoreg {*Corrode rPois
                  | Dex+3} (You found it in a Gauntlet)
 16758 | Lair:3   | Noticed Fannar
 16766 | Lair:3   | Killed Fannar
 17311 | Lair:4   | Found a hole to the Spider Nest.
 17888 | Lair:4   | Received a gift from Okawaru
 18271 | Lair:5   | Found a staircase to the Slime Pits.
 18514 | Lair:5   | Reached XP level 15. HP: 117/117 MP: 6/16
 19229 | Lair:6   | Entered Level 6 of the Lair of Beasts
 19295 | Lair:6   | Reached skill level 15 in Axes
 19645 | Lair:6   | Received a gift from Okawaru
 19648 | Lair:6   | Got a crystal hand axe {god gift}
 19649 | Lair:6   | Identified the +6 hand axe of Domination {drain, rF+}
                  | (Okawaru gifted it to you on level 6 of the Lair of Beasts)
 20250 | D:12     | Found Ymobryav's Jewellery Emporium.
 20310 | D:12     | Found a frozen archway.
 20334 | IceCv    | Entered an ice cave
 20698 | IceCv    | Got a twisted hat
 21023 | D:12     | Received a gift from Okawaru
 21676 | D:13     | Found Tuede's Food Shoppe.
 22068 | D:13     | Reached skill level 16 in Axes
 22140 | D:13     | Found a gate to the Vaults.
 22148 | D:13     | Paralysed by a wizard for 3 turns
 22318 | D:13     | Gained mutation: You regenerate magic rapidly. [demonic
                  | ancestry]
 22318 | D:13     | Reached XP level 16. HP: 78/127 MP: 10/17
 22560 | D:13     | Found Gakleb's Changing Room.
 22630 | D:13     | Bought a potion of mutation for 96 gold pieces
 22950 | D:14     | Found a transporter.
 22974 | D:14     | Identified the +0 hat "Laokiul" {rF++} (You found it in an
                  | ice cave)
 23172 | D:14     | Noticed Laiders72's ghost (journeyman DDFi)
 23361 | D:14     | Found a transporter.
 23706 | D:14     | Gained mutation: Scrolls take you a little longer to read.
                  | [a neqoxec]
 23719 | D:14     | Gained mutation: Your magical capacity is very low. (-20%
                  | MP) [a neqoxec]
 23745 | D:14     | Killed Laiders72's ghost
 23748 | D:14     | Got the ring "Exoamnae" {Int-5}
 23763 | D:14     | Identified the cursed ring "Exoamnae" {+Blink rC- Str+7
                  | Int-5 Slay-6} (You found it on level 14 of the Dungeon)
 23767 | D:14     | Got a vibrating iron ring
 23803 | D:14     | Identified the ring "Pivueq" {rPois rC+ rN+ Str-5} (You
                  | found it on level 14 of the Dungeon)
 23831 | D:15     | Entered Level 15 of the Dungeon
 24174 | D:15     | Found a staircase to the Depths.
 24365 | D:15     | Received a gift from Okawaru
 24915 | Elf:1    | Entered Level 1 of the Elven Halls
 24958 | Elf:1    | Found Plog's Assorted Antiques.
 25099 | Elf:1    | Identified the Reference Book on Black Secrets
 25305 | Elf:1    | Got an ancient ring mail
 25316 | Elf:1    | Identified the cursed +1 ring mail "Ruothypn" {Regen+ rCorr
                  | Dex+2 Slay+3} (You found it on level 1 of the Elven Halls)
 25390 | Elf:1    | Reached skill level 17 in Axes
 25443 | Elf:1    | Received a gift from Okawaru
 25655 | Elf:1    | Found an ancient bone altar of Kikubaaqudgha.
 25840 | Elf:1    | Found a deep blue altar of Sif Muna.
 26194 | Elf:2    | Found a portal to a secret trove of treasure.
 26201 | Elf:2    | Noticed a Hell Sentinel
 26224 | Elf:2    | Noticed an Ice Fiend
 26406 | Elf:2    | Cast into level 2 of the Abyss (a deep elf demonologist)
 26436 | Elf:2    | Escaped the Abyss
 26439 | Elf:2    | Noticed an Ice Fiend
 26572 | Elf:2    | Gained mutation: You regenerate a lot of health from kills.
                  | [demonic ancestry]
 26572 | Elf:2    | Reached XP level 17. HP: 132/132 MP: 16/16
 26773 | Elf:2    | Found Adammonu's Book Boutique.
 26880 | Elf:2    | Found a large runed translucent door.
 26880 | Elf:2    | Found a large runed translucent door.
 26903 | Elf:2    | Found a large runed translucent door.
 26903 | Elf:2    | Found a large runed translucent door.
 27135 | Elf:2    | Received a gift from Okawaru
 27317 | Elf:3    | Entered Level 3 of the Elven Halls
 27332 | Elf:3    | Reached skill level 10 in Armour
 27434 | Elf:3    | Reached skill level 18 in Axes
 27738 | Elf:3    | Found Doeke's Jewellery Shoppe.
 27738 | Elf:3    | Found Netumo's Gadget Boutique.
 27739 | Elf:3    | Found Qoogic's Jewellery Shoppe.
 27869 | Elf:3    | Found Vewkuon's Book Shop.
 28179 | Elf:3    | Received a gift from Okawaru
 28329 | Elf:3    | Noticed a deep elf master archer
 28329 | Elf:3    | Identified the cursed +1 mace of the Chickpea {venom, rC+}
 28440 | Elf:3    | Noticed an Ice Fiend
 28673 | Elf:3    | Noticed a deep elf blademaster
 28692 | Elf:3    | Killed a deep elf blademaster
 28866 | Elf:3    | Noticed a deep elf blademaster
 28928 | Elf:3    | Killed a deep elf master archer
 28928 | Elf:3    | Gained mutation: Your flesh is heat resistant. (rF+)
                  | [demonic ancestry]
 28928 | Elf:3    | Reached XP level 18. HP: 142/142 MP: 17/17
 29118 | Elf:3    | Identified the cursed +0 scimitar of Tomorrow {freeze,
                  | Str+4}
 29218 | Elf:3    | Identified Lom Lobon's Handbook of Dislocation
 29252 | Elf:3    | Got a steaming hand axe
 29255 | Elf:3    | Identified the cursed +3 hand axe of Midwinter {vamp, rElec
                  | Str-2 Int+4 SInv} (You found it on level 3 of the Elven
                  | Halls)
 29289 | Elf:3    | Identified the Collected Works on Stolen Souls
 29569 | Depths:1 | Entered Level 1 of the Depths
 29654 | Depths:1 | Paralysed by a vampire knight for 6 turns
 29740 | Depths:1 | Paralysed by a vampire knight for 6 turns
 29943 | Depths:1 | Noticed an ancient lich
 29945 | Depths:1 | Cast into level 5 of the Abyss (an ancient lich)
 29945 | Abyss:5  | Entered Level 5 of the Abyss
 29945 | Abyss:5  | Entered Level 5 of the Abyss
 30119 | Abyss:5  | Received a gift from Okawaru
 30217 | Abyss:5  | Reached skill level 5 in Invocations
 30239 | Abyss:5  | Reached skill level 10 in Dodging
 30269 | Depths:1 | Escaped the Abyss
 30301 | Depths:1 | Killed an ancient lich
 30301 | Depths:1 | Reached skill level 15 in Shields
 30350 | Depths:1 | Identified Qinipsod's Tome of Evil Arts
 30419 | Depths:1 | Paralysed by something for 2 turns
 30625 | Depths:1 | Received a gift from Okawaru
 30794 | Depths:1 | Gained mutation: You have a pair of large antennae on your
                  | head. (SInv) [demonic ancestry]
 30794 | Depths:1 | Reached XP level 19. HP: 147/153 MP: 16/18
 30961 | Depths:1 | Found a gateway to Hell.
 31295 | Depths:1 | Found a one-way gate leading to the halls of Pandemonium.
 31350 | Depths:2 | Noticed a lich
 31363 | Depths:2 | Killed a lich
 31363 | Depths:2 | Reached skill level 19 in Axes
 31567 | Depths:2 | Paralysed by a great orb of eyes for 5 turns
 31585 | Depths:2 | Slain by an iron troll

Levels and vault maps discovered:
D:1:      dpeg_arrival_stone_temple_mockup, layout_basic
D:2:      layout_loops_cross, lemuel_round_altar, first_ration, grunt_decor_cap,
          uniq_natasha, uniq_jessica, uniq_robin
D:3:      layout_rooms, brannock_xom_greatest_gift, minmay_statues_item
D:4:      kennysheep_goblin_castle, layout_rooms, serial_shops,
          nicolae_shop_temple_entry_statues_fountains, fedhas_ov_isle_minmay
D:5:      layout_basic, minmay_temple_entry_glassed_door, serial_bayou_lagoon_a,
          st_stairs_10, minmay_crystal_room, chequers_jeans
D:6:      layout_cave_pools, nicolae_overflow_hidden_temple, st_stairs_12,
          chequers_serial_rivers_room_b, minmay_splitting_lines,
          kennysheep_generic_room_12, uniq_crazy_yiuf_cottage, uniq_menkaure
D:7:      layout_cave_pools, bloody_makhleb, uniq_pikel
D:8:      layout_loops_ring
D:9:      minmay_inner_zag, layout_basic, old_standard_altar,
          overflow_temple_1_default, gammafunk_temple_overflow_wave,
          lair_entry_dummy, grunt_ogre_cave, billiards_dpeg
D:10:     layout_roguey, serial_corexii_hall, chequers_hall_statues_corner_a,
          corexii_hall_statues_x
D:11:     layout_roguey, zombieorc2_lemuel, minmay_librarian
D:12:     layout_long_grid, serial_shops, kennysheep_mini_moat,
          portal_ice_cave_rime
D:13:     layout_basic, grunt_vaults_entry_tiered, serial_shops, shop_coins,
          nicolae_transmutations_shop
D:14:     layout_loops_ring, gammafunk_ghost_stat_death,
          chequers_serial_rivers_micro_c
D:15:     hangedman_depths_entry_try_elsewhere_first, layout_irregular_city,
          serial_park_tiny_pond, lemuel_nasty_fountain
Temple:   eino_narrow_crystal_temple
Lair:1:   layout_misc_corridors, uniq_nergalle
Lair:2:   regret_index_bee_streams, layout_regular_city,
          elwin_shoals_entry_rocks, grunt_megastairs_2, serial_bayou_shore_b
Lair:3:   layout_long_grid, enter_volcano_2, gauntlet_entry_generic, uniq_fannar
Lair:4:   layout_small_grid, spider_nest_entry_webs,
          nicolae_quartered_pool_little
Lair:5:   layout_hall_layers, minmay_slime_entry_jelly_boxes
Lair:6:   minmay_lair_end_frog_pond, layout_loops_ring, ldierk_geyser
Orc:1:    layout_caves, nicolae_orc_crystal_geode, uniq_josephine, uniq_maurice,
          uniq_gastronok
Orc:2:    st_orc_mages, layout_caves, gammafunk_ghost_smash, serial_shops,
          shop_statue, shop, shop, nicolae_shop_window_shopping, shop,
          nicolae_orc_rich_vein
Elf:1:    elf_arrival_001, layout_geoelf_octagon, basic_altar, serial_shops,
          shop, minmay_elf_necromancy, lemuel_blue_sif_altar
Elf:2:    layout_geoelf_octagon, enter_trove_0, serial_shops, shop_fountains
Elf:3:    elf_hall_gauntlet_narrow, layout_gridlike, serial_shops,
          nicolae_shop_waterfront, minmay_shop_grove
Depths:1: layout_roguey [special_room_morgue], grunt_pan_entry_in_and_out,
          hangedman_coc_ice_floe, minivault_16, minmay_misc_feat_more_columns,
          lemuel_old_faithful
Depths:2: lemuel_traditional_vault, layout_cave_shapes, enter_ziggurat_d,
          nicolae_benzene_ring, grunt_hell_entry_dis_mu,
          marbit_kobold_abyss_entry, kennysheep_nondecorative_pillar,
          serial_bayou_shore_b

Skill      XL: |  1  2  3  4  5  6  7  8  9 10 11 12 13 14 15 16 17 18 19 |
---------------+----------------------------------------------------------+-----
Axes           | 2 3 4 5 6 7 9 10 11 13 14 16 17 18 19 | 19.0
Armour         | 3 4 5 6 7 8 9 10 | 10.7
Shields        | 3 4 5 6 7 9 10 11 12 13 15 | 15.6
Fighting       | 4 5 6 7 8 9 10 11 12 13 14 | 14.9
Dodging        | 1 2 3 5 6 7 8 9 10 | 10.4
Invocations    | 1 3 4 5 |  5.2
Stealth        | 1 2 |  2.7

Action                   |  1- 3 |  4- 6 |  7- 9 | 10-12 | 13-15 | 16-18 | 19-21 || total
-------------------------+-------+-------+-------+-------+-------+-------+-------++-------
Melee: War axe           |    86 |   291 |   288 |   862 |       |       |       ||  1527
       Hand axe          |       |       |   148 |   132 |       |       |       ||   280
       Broad axe         |       |       |       |   204 |  1220 |  1873 |   193 ||  3490
Invok: Heroism           |       |       |     2 |    27 |    14 |     9 |     1 ||    53
       Finesse           |       |       |       |     1 |     3 |     4 |       ||     8
  Use: Scroll            |       |     9 |       |    16 |     6 |    14 |     1 ||    46
       Potion            |       |     1 |       |     9 |     5 |     4 |     1 ||    20
 Stab: Sleeping          |       |       |       |       |     1 |       |       ||     1
       Distracted        |       |       |       |       |       |     1 |       ||     1
       Paralysed         |       |       |       |       |       |     2 |       ||     2
  Eat: Chunk             |     1 |    10 |    11 |    23 |    18 |    26 |     3 ||    92
       Ration            |       |       |     1 |     1 |     2 |     1 |       ||     5
Armor: Scale mail        |    43 |   162 |       |   463 |   376 |   376 |    67 ||  1487
       Ring mail         |       |    18 |   168 |     2 |     9 |       |       ||   197
       Robe              |       |       |       |       |    51 |       |       ||    51
Dodge: Dodged            |    23 |   108 |   157 |   484 |   548 |   350 |    79 ||  1749
       Deflected         |       |       |       |       |     6 |       |       ||     6
Block: Shield            |    37 |   175 |   237 |   834 |   417 |       |       ||  1700
       Large shield      |       |       |       |       |   685 |  1635 |   241 ||  2561
       Reflection        |       |       |       |       |       |   124 |     6 ||   130

Table legend:
 A = Non-vault XP
 B = Vault XP
 C = Vault XP percentage of total XP
 D = Non-vault monster count
 E = Vault monster count
 F = Vault count percentage of total count
                 A         B        C        D         E       F
            +---------+---------+-------+---------+---------+-------
      Total |  210941 |  163259 |  43.6 |     728 |     439 |  37.6
            +---------+---------+-------+---------+---------+-------
        D:1 |      57 |       0 |   0.0 |      30 |       0 |   0.0
        D:2 |     134 |     105 |  43.9 |      27 |      15 |  35.7
        D:3 |     167 |       0 |   0.0 |      24 |       0 |   0.0
        D:4 |     114 |     107 |  48.4 |      14 |      12 |  46.2
        D:5 |     286 |      32 |  10.1 |      11 |       1 |   8.3
        D:6 |    1092 |     914 |  45.6 |      25 |       5 |  16.7
        D:7 |     336 |       0 |   0.0 |      13 |       0 |   0.0
        D:8 |    1700 |       0 |   0.0 |      21 |       0 |   0.0
        D:9 |    1568 |     410 |  20.7 |      21 |       8 |  27.6
       D:10 |    1768 |       0 |   0.0 |      13 |       0 |   0.0
       D:11 |    5433 |    3094 |  36.3 |      57 |      43 |  43.0
       D:12 |    5976 |     732 |  10.9 |      31 |       2 |   6.1
       D:13 |    5128 |    7837 |  60.4 |      24 |      25 |  51.0
       D:14 |    7712 |    2424 |  23.9 |      28 |       9 |  24.3
       D:15 |    8816 |    2748 |  23.8 |      33 |       3 |   8.3
     Lair:1 |    1392 |     808 |  36.7 |       4 |       1 |  20.0
     Lair:2 |    5054 |    6320 |  55.6 |      21 |      51 |  70.8
     Lair:3 |     953 |     971 |  50.5 |       6 |       1 |  14.3
     Lair:4 |   11104 |     423 |   3.7 |      37 |       2 |   5.1
     Lair:5 |    3522 |     524 |  13.0 |      11 |      14 |  56.0
     Lair:6 |   11833 |   12314 |  51.0 |      27 |      46 |  63.0
      Orc:1 |    1762 |    2704 |  60.5 |      29 |       2 |   6.5
      Orc:2 |    1829 |   10109 |  84.7 |      18 |      53 |  74.6
      Elf:1 |   18014 |    3964 |  18.0 |      32 |       8 |  20.0
      Elf:2 |   29061 |   23807 |  45.0 |      42 |      30 |  41.7
      Elf:3 |   17662 |   32349 |  64.7 |      27 |      21 |  43.8
   Depths:1 |   39432 |   35323 |  47.3 |      48 |      40 |  45.5
   Depths:2 |    9954 |       0 |   0.0 |      12 |       0 |   0.0
    Abyss:5 |   19082 |       0 |   0.0 |      42 |       0 |   0.0
      IceCv |       0 |    8836 | 100.0 |       0 |      36 | 100.0
    Volcano |       0 |    3028 | 100.0 |       0 |       7 | 100.0
   Gauntlet |       0 |    3376 | 100.0 |       0 |       4 | 100.0
            +---------+---------+-------+---------+---------+-------
